 Dungeon Crawl Stone Soup version 0.25-a0-566-g062765b (webtiles) character file.

Game seed: 15120583292283462055, levelgen mode: deterministic

20167 Anathematize the Martial Artist (level 12, -18/94 HPs)
             Began as a Demonspawn Transmuter on Feb 27, 2020.
             Was a Believer of Uskayaw.
             Demolished by a frost giant
             ... wielding a +0 battleaxe of freezing
              (32 damage)
             ... in an ice cave.
             The game lasted 01:04:55 (21588 turns).

Anathematize the Martial Artist (DsTm)             Turns: 21588, Time: 01:04:56

Health: -18/94     AC: 11    Str: 11    XL:     12   Next: 43%
Magic:  16/19      EV: 11    Int: 19    God:    Uskayaw [**....]
Gold:   729        SH:  5    Dex: 14    Spells: 3/15 levels left

rFire    . . .     SeeInvis .     - Unarmed
rCold    . . .     Gourm    .   (shield currently unavailable)
rNeg     . . .     Faith    .   A - +0 acid dragon scales
rPois    .         Spirit   .   (helmet restricted)
rElec    .         Reflect  +   m - +0 cloak
rCorr    +         Harm     .   (gloves currently unavailable)
MR       .....                  (no boots)
Stlth    +++.......             z - +5 amulet of reflection
HPRegen  0.25/turn              (no ring)
MPRegen  0.16/turn              (no ring)

@: blade hands, hasted, very quick
A: horns 2, iridescent scales 2, nightstalker 2, rot immunity
a: End Transformation, Stomp, Line Pass, Renounce Religion


You were in an ice cave.
You worshipped Uskayaw.
Uskayaw was aware of your devotion.
You were not hungry.
You had blades for hands.
You visited 3 branches of the dungeon, and saw 13 of its levels.
You also visited: Ice Cave.

You collected 729 gold pieces.

Inventory:

Missiles
 a - 21 arrows
 i - a throwing net
 p - 17 boomerangs
 v - 3 boomerangs of dispersal
 y - 41 poisoned darts (quivered)
Armour
 m - a +0 cloak (worn)
 A - +0 acid dragon scales (worn)
Jewellery
 z - a +5 amulet of reflection (around neck)
Wands
 k - a wand of random effects (3)
 l - a wand of flame (20)
 B - a wand of polymorph (28)
 D - a wand of iceblast (4)
Scrolls
 c - a scroll of magic mapping
 e - 2 scrolls of immolation
 h - a scroll of amnesia
 j - a scroll of fear {unknown}
 q - 3 scrolls of enchant weapon {unknown}
 r - a scroll of holy word {unknown}
 s - 7 scrolls of remove curse
 t - a scroll of teleportation
 u - 3 scrolls of enchant armour {unknown}
 w - a scroll of summoning {unknown}
 x - a scroll of fog
 E - a scroll of torment {unknown}
Potions
 f - 3 potions of haste
 g - 3 potions of stabbing
 n - 6 potions of curing
 o - a potion of lignification
 C - a potion of flight {unknown}
Comestibles
 d - 10 rations
 F - 3 chunks of flesh


   Skills:
 + Level 8.8 Fighting
 - Level 2.0 Throwing
 - Level 1.7 Dodging
 * Level 11.6 Unarmed Combat
 - Level 2.0 Spellcasting
 + Level 9.7 Transmutations
 - Level 5.0 Ice Magic
 + Level 10.2 Invocations


You had 3 spell levels left.
You knew the following spells:

 Your Spells              Type           Power        Failure   Level  Hunger
a - Beastly Appendage     Tmut           #####.       12%         1    #......
b - Sticks to Snakes      Tmut           #####...     13%         2    ###....
c - Ice Form              Ice/Tmut       ####....     52%         4    #####..
d - Blade Hands           Tmut           #####.....   54%         5    ######.

Your spell library contained the following spells:

 Spells                   Type           Power        Failure   Level  Hunger
 Spider Form              Tmut/Pois      ###.......   47%         3    ###....
 Ensorcelled Hibernation  Hex/Ice        ##....       54%         2    ###....
 Corona                   Hex            #......      69%         1    #......
 Magic Dart               Conj           #...         69%         1    #......
 Searing Ray              Conj           #.....       78%         2    ###....
 Confusing Touch          Hex            #.......     92%         3    ###....
 Dazzling Flash           Conj/Hex       #.....       92%         3    ###....
 Tukima's Dance           Hex            #.......     92%         3    ###....
 Fulminant Prism          Conj/Hex       #.........   99%         4    #####..
 Iskenderun's Mystic Bla  Conj/Tloc      #.......     99%         4    #####..


Dungeon Overview and Level Annotations

Branches:
Dungeon (11/15)            Temple (1/1) D:7            Lair (1/6) D:11
  IceCv (1/1)
    Orc: D:9-12

Altars:
Ashenzari
Cheibriados
Dithmenos
Elyvilon
Fedhas
Gozag
Hepliaklqana
Kikubaaqudgha
Makhleb
Nemelex Xobeh
Okawaru
Qazlal
Ru
Sif Muna
Trog
Uskayaw
Vehumet
Wu Jian
Xom
Yredelemnul
Zin
The Shining One

Annotations:
D:2 Sigmund
D:3 2 runed translucent doors, exclusion: 2 doors, Antroll's ghost, weakling DsNe
D:6 3 runed translucent doors, exclusion: 3 doors, Remcycle's ghost, novice DrMo
D:9 Psyche
D:10 1 runed translucent door, exclusion: door, Antroll's ghost, novice TrMo


Innate Abilities, Weirdness & Mutations

You have a pair of horns on your head.
You are mostly covered in iridescent scales. (AC +4)
You are significantly more attuned to the shadows.
You are immune to rotting.


Message History

Items here: †††† a yak corpse x2; a polar bear corpse x2
You slice the frost giant!! You headbutt the frost giant.
The frost giant is moderately wounded.
The frost giant misses you.
You completely miss the frost giant.
The frost giant is moderately wounded.
You shred the frost giant!!!
The frost giant is severely wounded.
You can now pass through a line of other dancers.
You hit the frost giant.
You headbutt the frost giant, but do no damage.
The frost giant is severely wounded.
The frost giant points at you and mumbles some strange words.
The bolt of cold hits you!!!
* * * LOW HITPOINT WARNING * * *
You hit the frost giant but do no damage.
The frost giant is severely wounded.
The frost giant hits you with a +0 battleaxe of freezing!!
You die...

## ##.## ###
#...#### ##.##
.C#....#.#
##.#.#
#......#.##
##.#.##
.#.#.#..#C##
#.####
####.##@# #..#
#####.##
##..##
##..#.##
##....#
#...#..#
#.....##
##.##...#
##..#...#
#..###⌠.#
#..###..##
#.###..####.##
##..# #..#####
#..# ##.#
###...## ##..#
##.#


You could see a frost giant.

Vanquished Creatures
  3 death yaks (IceCv)
  An ugly thing (D:10)
  An ice statue (IceCv)
  Maggie (D:7)
  2 ice devils (Lair:1)
  A troll (D:9)
  A merfolk (D:11)
  Grinder (D:4)
  15 polar bears (IceCv)
  3 hippogriffs
  A wyvern (D:8)
  41 yaks
  5 orc warriors
  A black bear (D:9)
  3 sky beasts
  5 ice beasts
  21 wolves
  4 ogres
  A phantom (D:6)
  4 centaurs
  2 crocodiles
  A big kobold (D:10)
  5 bullfrogs
  A wyvern skeleton (D:9)
  4 scorpions
  A water moccasin zombie (D:8)
  3 killer bees (D:9)
  4 electric eels (D:11)
  A howler monkey (D:10)
  A jelly (D:6)
  3 crimson imps
  A quasit (D:6)
  13 hounds
  4 centaur skeletons
  3 orc priests
  Jessica (D:2)
  Terence (D:2)
  Natasha (thrice) (D:2)
  2 iguanas
  5 orc wizards
  3 worker ants
  2 hound skeletons
  2 howler monkey zombies
  7 adders
  2 shadow imps
  5 oozes
  An adder zombie (D:7)
  An adder skeleton (D:4)
  2 worms
  6 leopard geckos
  36 orcs
  A ball python (D:4)
  6 giant cockroaches
  6 goblins
  4 hobgoblins
  2 jackals (D:11)
  3 quokkas
  7 bats
  6 frilled lizards
  9 kobolds
  8 rats
293 creatures vanquished.

Vanquished Creatures (collateral kills)
  2 trolls (D:10)
  A wyvern (D:10)
  Eustachio (D:4)
  2 orc wizards
  An adder (D:2)
  2 orcs (D:9)
9 creatures vanquished.

Grand Total: 302 creatures vanquished

Notes
Turn   | Place    | Note
-------+----------+-------------------------------------------
     0 | D:1      | Anathematize the Demonspawn Transmuter began the quest for
                  | the Orb.
     0 | D:1      | Reached XP level 1. HP: 15/15 MP: 3/3
   289 | D:1      | Reached skill level 3 in Unarmed Combat
   289 | D:1      | Gained mutation: You are immune to rotting. [demonic
                  | ancestry]
   289 | D:1      | Reached XP level 2. HP: 8/21 MP: 3/5
   643 | D:1      | Learned a level 2 spell: Sticks to Snakes
  1100 | D:1      | Reached XP level 3. HP: 25/26 MP: 4/6
  1383 | D:2      | Noticed Natasha
  1396 | D:2      | Killed Natasha
  1503 | D:2      | Noticed Jessica
  1953 | D:2      | Killed Jessica
  1953 | D:2      | Reached skill level 1 in Throwing
  1953 | D:2      | Gained mutation: You are partially covered in iridescent
                  | scales. (AC +2) [demonic ancestry]
  1953 | D:2      | Reached XP level 4. HP: 33/33 MP: 4/7
  1998 | D:2      | Learned a level 4 spell: Ice Form
  2127 | D:2      | Noticed Natasha
  2156 | D:2      | Killed Natasha
  2170 | D:2      | Noticed Natasha
  2200 | D:2      | Killed Natasha
  2582 | D:2      | Noticed Sigmund
  2788 | D:2      | Noticed Terence
  2823 | D:2      | Killed Terence
  2823 | D:2      | Reached skill level 4 in Unarmed Combat
  2823 | D:2      | Gained mutation: You are mostly covered in iridescent
                  | scales. (AC +4) [demonic ancestry]
  2823 | D:2      | Reached XP level 5. HP: 22/39 MP: 6/8
  3222 | D:3      | Found a runed translucent door.
  3240 | D:3      | Noticed Antroll's ghost (weakling DsNe)
  3445 | D:3      | Found an ancient bone altar of Kikubaaqudgha.
  3748 | D:3      | Found a runed translucent door.
  4389 | D:3      | Reached XP level 6. HP: 44/46 MP: 4/9
  4992 | D:4      | Reached skill level 1 in Ice Magic
  4996 | D:4      | Noticed Eustachio
  5084 | D:4      | Killed Eustachio
  5084 | D:4      | Reached skill level 5 in Unarmed Combat
  5231 | D:4      | Noticed Grinder
  5253 | D:4      | Killed Grinder
  5253 | D:4      | Reached XP level 7. HP: 52/52 MP: 4/10
  5482 | D:4      | You fall into a shaft and drop 1 floor!
  5482 | D:5      | Entered Level 5 of the Dungeon
  5919 | D:4      | Reached skill level 6 in Unarmed Combat
  5919 | D:4      | Gained mutation: You are slightly more attuned to the
                  | shadows. [demonic ancestry]
  5919 | D:4      | Reached XP level 8. HP: 60/60 MP: 11/11
  6168 | D:5      | Got a ripped robe
  6479 | D:6      | Identified the +0 robe of the Gardener {rElec rC+ Str+5
                  | Int-5} (You found it on level 5 of the Dungeon)
  7149 | D:6      | Found a bloodstained altar of Trog.
  7335 | D:6      | Found a runed translucent gate.
  7335 | D:6      | Found a runed translucent gate.
  7335 | D:6      | Found a runed translucent gate.
  7337 | D:6      | Noticed Remcycle's ghost (novice DrMo)
  7399 | D:6      | Reached skill level 7 in Unarmed Combat
  7758 | D:6      | Reached skill level 5 in Fighting
  8097 | D:7      | Reached skill level 5 in Transmutations
  8443 | D:7      | Noticed Maggie
  8466 | D:7      | Killed Maggie
  8466 | D:7      | Gained mutation: You are significantly more attuned to the
                  | shadows. [demonic ancestry]
  8466 | D:7      | Reached XP level 9. HP: 10/68 MP: 8/12
  8809 | D:7      | Found a staircase to the Ecumenical Temple.
  8830 | Temple   | Entered the Ecumenical Temple
  8961 | Temple   | Became a worshipper of Uskayaw the Reveler
  8986 | D:7      | Learned a level 5 spell: Blade Hands
  9270 | D:8      | Reached * piety under Uskayaw
  9609 | D:8      | Reached ** piety under Uskayaw
  9612 | D:8      | Reached skill level 1 in Invocations
 10024 | D:8      | Reached skill level 8 in Unarmed Combat
 10685 | D:9      | Noticed Psyche
 11010 | D:9      | Reached *** piety under Uskayaw
 11018 | D:9      | Reached **** piety under Uskayaw
 11024 | D:9      | Reached ***** piety under Uskayaw
 11402 | D:9      | Gained mutation: You have a pair of small horns on your
                  | head. [demonic ancestry]
 11402 | D:9      | Reached XP level 10. HP: 45/76 MP: 13/13
 11940 | D:9      | Reached skill level 5 in Ice Magic
 12015 | D:9      | Reached skill level 9 in Unarmed Combat
 12965 | D:9      | Reached skill level 5 in Invocations
 13304 | D:10     | Entered Level 10 of the Dungeon
 14790 | D:10     | Reached skill level 10 in Unarmed Combat
 15414 | D:10     | Found a runed translucent door.
 15414 | D:10     | Found a shimmering altar of Xom.
 15414 | D:10     | Noticed Antroll's ghost (novice TrMo)
 15415 | D:10     | Noticed a +0 scimitar of chaos
 15436 | D:10     | Reached XP level 11. HP: 66/84 MP: 13/15
 15866 | D:11     | Noticed a seven-headed hydra
 16016 | D:11     | Noticed a cyan ugly thing
 16145 | D:11     | Noticed a seven-headed hydra
 16969 | D:10     | Killed a cyan ugly thing
 17952 | D:11     | Noticed a green ugly thing
 18647 | D:11     | Found a staircase to the Lair.
 18735 | Lair:1   | Entered Level 1 of the Lair of Beasts
 18872 | Lair:1   | Found a frozen archway.
 18879 | IceCv    | Entered an ice cave
 19563 | IceCv    | Reached skill level 11 in Unarmed Combat
 20433 | IceCv    | Reached ****** piety under Uskayaw
 20515 | IceCv    | Gained mutation: You have a pair of horns on your head.
                  | [demonic ancestry]
 20515 | IceCv    | Reached XP level 12. HP: 42/94 MP: 2/19
 21275 | IceCv    | Noticed a death yak
 21402 | IceCv    | Noticed a death yak
 21406 | IceCv    | Killed a death yak
 21410 | IceCv    | Killed a death yak
 21412 | IceCv    | Reached skill level 10 in Invocations
 21511 | IceCv    | Noticed a death yak
 21511 | IceCv    | Noticed a frost giant
 21558 | IceCv    | Killed a death yak
 21569 | IceCv    | Identified the ring of Niela {rElec MR+ rCorr}
 21588 | IceCv    | Demolished by a frost giant

Levels and vault maps discovered:
D:1:      lemuel_arrival_funnel, layout_basic
D:2:      layout_loops_corners, uniq_natasha, uniq_sigmund, uniq_terence,
          uniq_jessica
D:3:      layout_basic, first_ration, ebering_ghost_sewer_f,
          serial_bayou_lagoon_a, lemuel_statue_altar
D:4:      layout_basic, uniq_grinder, uniq_eustachio
D:5:      layout_basic, grunt_ministairs_7
D:6:      layout_basic, lemuel_crystal_altar, gammafunk_ghost_necromancy,
          minmay_misc_feat_pillars, lightli_orcish_oven
D:7:      layout_loops_corners, minmay_temple_entry_statues_fountains,
          uniq_maggie
D:8:      layout_basic
D:9:      layout_basic, uniq_psyche
D:10:     layout_roguey, ebering_ghost_xom
D:11:     layout_layer_cave, erik_lair_island, basic_altar, hangedman_fish_farm
Temple:   grunt_wide_crystal_templ
Lair:1:   layout_cave_pods, portal_ice_cave_demonic_guard, beast_lair_carwin_11,
          grunt_megastairs_4, uniq_urug
IceCv:    ice_cave_caverns_01

Skill      XL: |  1  2  3  4  5  6  7  8  9 10 11 12 |
---------------+-------------------------------------+-----
Unarmed Combat | 3 4 5 6 7 8 10 11 | 11.6
Transmutations | 2 3 4 5 6 7 9 |  9.7
Fighting       | 2 3 4 5 6 7 8 |  8.8
Throwing       | 1 2 |  2.0
Ice Magic      | 1 2 3 4 5 |  5.0
Invocations    | 4 6 9 10 | 10.2
Dodging        | |  1.7
Spellcasting   | |  2.0

Action                   |  1- 3 |  4- 6 |  7- 9 | 10-12 || total
-------------------------+-------+-------+-------+-------++-------
Melee: Unarmed           |   101 |   177 |   395 |   709 ||  1382
       Headbutt          |     5 |       |       |   120 ||   125
       Kick              |     5 |    23 |    33 |   112 ||   173
       Punch             |       |     4 |     7 |    21 ||    32
Throw: Dart              |     3 |    24 |    59 |    37 ||   123
       Boomerang         |       |       |     1 |       ||     1
 Cast: Beastly Appendage |    22 |    24 |    21 |    51 ||   118
       Sticks to Snakes  |     3 |    17 |     6 |    40 ||    66
       Ice Form          |       |       |     5 |     5 ||    10
       Blade Hands       |       |       |       |    11 ||    11
Invok: Stomp             |       |       |     1 |     2 ||     3
       Line Pass         |       |       |       |     1 ||     1
Evoke: Wand              |       |       |     2 |    14 ||    16
  Use: Scroll            |       |     6 |    12 |     3 ||    21
       Potion            |       |     1 |     1 |     8 ||    10
 Stab: Sleeping          |     3 |     1 |    10 |     4 ||    18
       Paralysed         |       |       |    10 |    37 ||    47
       Distracted        |       |       |     4 |     3 ||     7
       Invisible         |       |       |       |     4 ||     4
  Eat: Chunk             |     4 |     9 |    11 |    37 ||    61
       Ration            |       |     1 |     3 |     2 ||     6
Armor: Robe              |    20 |    71 |       |       ||    91
       Skin              |       |     2 |    11 |     9 ||    22
       Leather armour    |       |     1 |    71 |       ||    72
       Acid dragon scale |       |       |    46 |   254 ||   300
Dodge: Dodged            |    66 |   118 |   185 |   326 ||   695
Block: Other             |       |       |    53 |   154 ||   207
       Reflection        |       |       |     3 |     6 ||     9

Table legend:
 A = Non-vault XP
 B = Vault XP
 C = Vault XP percentage of total XP
 D = Non-vault monster count
 E = Vault monster count
 F = Vault count percentage of total count
                 A         B        C        D         E       F
            +---------+---------+-------+---------+---------+-------
      Total |   13600 |   15211 |  52.8 |     226 |      76 |  25.2
            +---------+---------+-------+---------+---------+-------
        D:1 |      41 |       0 |   0.0 |      21 |       0 |   0.0
        D:2 |     102 |      93 |  47.7 |      16 |       3 |  15.8
        D:3 |     161 |       0 |   0.0 |      23 |       0 |   0.0
        D:4 |     390 |     379 |  49.3 |      16 |       2 |  11.1
        D:5 |     306 |      42 |  12.1 |      10 |       1 |   9.1
        D:6 |     794 |     156 |  16.4 |      12 |       6 |  33.3
        D:7 |     250 |     337 |  57.4 |       5 |       1 |  16.7
        D:8 |    1268 |       0 |   0.0 |      17 |       0 |   0.0
        D:9 |    3729 |       0 |   0.0 |      45 |       0 |   0.0
       D:10 |    5589 |     172 |   3.0 |      43 |       4 |   8.5
       D:11 |     970 |     460 |  32.2 |      18 |       3 |  14.3
     Lair:1 |       0 |     666 | 100.0 |       0 |       2 | 100.0
      IceCv |       0 |   12906 | 100.0 |       0 |      54 | 100.0
            +---------+---------+-------+---------+---------+-------
